 Dungeon Sprint DCSS version 0.27.1-1-g398f81649c (webtiles) character file.

Game seed: 11125744635112781218

6921 styxcanada the Imperceptible (level 10, -5/55 HPs)
             Began as a Spriggan Brigand on Sept 17, 2021.
             Was an Initiate of Gozag.
             Slain by a spriggan berserker (30 damage)
             ... in the Dungeon (Sprint IV: "Fedhas' Mad Dash").
             The game lasted 00:12:31 (1379 turns).

styxcanada the Imperceptible (Spriggan Brigand)     Turns: 1379, Time: 00:12:31

Health: -5/55      AC:  6    Str:  7    XL:     10   Next: 80%
Magic:  19/23      EV: 25    Int: 13    God:    Gozag
Gold:   1423       SH:  6    Dex: 20    Spells: 22/25 levels left

rFire    . . .     SeeInvis +   a - +2 dagger
rCold    . . .     Faith    .   e - +0 buckler
rNeg     . . .     Spirit   .   b - +0 robe
rPois    .         Reflect  .   w - +2 hat
rElec    .         Harm     .   c - +1 cloak
rCorr    .         Rampage  .   (gloves unavailable)
Will     +....     NoTele   +   (boots unavailable)
Stlth    +++++++++.             l - amulet of invisibility {+Inv}
HPRegen  0.18/turn              (no ring)
MPRegen  0.18/turn              (no ring)

@: very slightly contaminated, very quick
A: very small, no large weapons, unfitting armour, see invisible, speed 3
a: Renounce Religion, Evoke Invisibility, Potion Petition, Call Merchant, Bribe
Branch


You were in the Dungeon.
You worshipped Gozag.
Gozag was most pleased with you.
You visited 1 branch You collected 2200 gold pieces.
You spent 777 gold pieces at shops.

Inventory:

Hand Weapons
 a - a +2 dagger (weapon)
 m - the +9 shortbow of Tortured Offence {freeze, *Slow rElec rCorr Str+3}
   (You found it in the Dungeon)

   Any ammunition fired from it freezes those it strikes, dealing additional
   cold damage.
   It can also slow down cold-blooded creatures.
   Str:       It affects your strength (+3).
   rElec:     It insulates you from electricity.
   rCorr:     It protects you from acid and corrosion.
   *Slow:     It may slow you when you take damage.
 o - a +2 rapier of speed
Missiles
 d - 7 poisoned darts (quivered)
 n - 40 stones
 v - 2 curare-tipped darts
Armour
 b - a +0 robe (worn)
 c - a +1 cloak (worn)
 e - a +0 buckler (worn)
 w - a +2 hat (worn)
Jewellery
 l - the amulet of invisibility (around neck) {+Inv}
   (You found it in the Dungeon)

   [amulet of nothing]

   +Inv:      It lets you turn invisible.
Wands
 s - a wand of iceblast (4)
 u - a wand of flame (14)
Scrolls
 k - a scroll of blinking
 x - a scroll of identify
 y - a scroll of enchant weapon
Potions
 f - a potion of curing
 h - 2 potions of haste
 i - 2 potions of magic
 j - a potion of berserk rage
 p - a potion of cancellation
 r - a potion of brilliance
 t - a potion of lignification
Miscellaneous
 q - a box of beasts


   Skills:
 * Level 7.0 Fighting
 + Level 6.2 Short Blades
 + Level 5.8 Throwing
 * Level 10.7 Dodging
 * Level 23.3 Stealth
 * Level 1.4 Shields
 * Level 8.3 Spellcasting
 * Level 7.2 Transmutations
 * Level 4.9 Air Magic
 * Level 5.5 Poison Magic
 * Level 11.2 Evocations


You had 22 spell levels left.
You knew the following spells:

 Your Spells              Type           Power      Damage    Failure   Level
a - Sting                 Tmut/Pois      88%        1d7       1%          1
b - Poisonous Vapours     Pois/Air       38%        N/A       3%          2

Your spell library contained the following spells:

 Spells                   Type           Power      Damage    Failure   Level
 Magic Dart               Conj           20%        1d4       21%         1
 Olgreb's Toxic Radiance  Pois           19%        N/A       21%         4
 Searing Ray              Conj           10%        3d3       30%         2
 Fulminant Prism          Conj/Hex       2%         3d6       90%         4


Dungeon Overview and Level Annotations

Branches:
Dungeon (1/1)

Altars:
Cheibriados
Dithmenos
Elyvilon
Gozag
Hepliaklqana
Kikubaaqudgha
Makhleb
Nemelex Xobeh
Okawaru
Qazlal
Ru
Sif Muna
Trog
Uskayaw
Vehumet
Wu Jian
Xom
Yredelemnul
Zin
The Shining One
Beogh
Jiyva
Lugonu

Shops:
D *:(?:![*


Innate Abilities, Weirdness & Mutations

You are very small and have problems with some larger weapons.
You are too small for most types of armour.
You have supernaturally acute eyesight. (SInv)
You cover ground extremely quickly. (Speed+++)


Message History

The spriggan berserker is poisoned.
The spriggan berserker hits you but does no damage.
The spriggan berserker hits you with a +0 quarterstaff!!
* * * LOW HITPOINT WARNING * * *
You flicker for a moment.
The spriggan berserker is distracted by your dazzling golden aura.
There is an open door here.
Casting: Poisonous Vapours (safe; 3% risk of failure)
Confirm with . or Enter, or press ? or * to list all spells.
You can't see any susceptible monsters within range! (Use Z to cast anyway.) Unknown command.
You start resting.
A spriggan berserker is nearby!
Casting: Poisonous Vapours (safe; 3% risk of failure)
Confirm with . or Enter, or press ? or * to list all spells.
Aiming: Poisonous Vapours (safe; 3% risk of failure)
Press: ? - help, Dir - move target, f/p - spriggan berserker
Aim: a spriggan berserker, wielding a +0 quarterstaff and wearing a +0 animal skin (berserk) Poisonous vapours surround the spriggan berserker!
The spriggan berserker is poisoned.
The spriggan berserker rages.
The spriggan berserker misses you.
You flicker back into view.
There is an open door here.
You hear a shout!
The spriggan berserker hits you with a +0 quarterstaff!
* * * LOW HITPOINT WARNING * * *
Things that are here:
a +0 spear; a +0 buckler The spriggan berserker rages.
The spriggan berserker barely misses you.
Things that are here:
a +0 rapier; a +0 robe
There is an open door here.
You feel much better.
The spriggan berserker completely misses you.
The spriggan berserker hits you with a +0 quarterstaff!!
Ouch! That really hurt!
You die...
Your body crumbles into a pile of gold.

†#.....#.⌠._._._._.⌠.#..')..#....
.'.#...).._._._._._..'..#...#....
.#.#...#..._._._._...#..###'##.).
#####'##.._._._._._..#..##∩∩.'...
...'...#._._._._._.⌠.############
...#...###################....[[#
..######♣♣♣♣♣..♣.###.'..'......)'
####..'......♣..♣##.)#..#.P.....#
......#♣..♣♣♣.♣)@###.##'##.P....#
......#.♣♣..♣...♣i)..#♣.♣########
######################.....####
###..♣..♣....# #####...♣......♣..
........i♣.$...∩.∩
..################


You could see a spriggan berserker (berserk, poisoned).

Vanquished Creatures
  Agnes (D)
  A spriggan druid (D)
  6 oklob plants (D)
  A queen bee (D)
  A demonic crawler (D)
  3 wandering mushrooms (D)
  3 burning bushes (D)
  A hornet (D)
  3 scorpions (D)
  4 killer bees (D)
  5 oklob saplings (D)
  5 spriggans (D)
  A river rat (D)
  A rat (D)
36 creatures vanquished.

Vanquished Creatures (others)
  A ballistomycete spore (D)
  A fungus (D)
2 creatures vanquished.

Grand Total: 38 creatures vanquished

Notes
Turn   | Place    | Note
-------+----------+-------------------------------------------
     0 | D        | styxcanada the Spriggan Brigand began the quest for the
                  | Orb.
     0 | D        | Reached XP level 1. HP: 10/10 MP: 2/2
    10 | D        | Reached skill level 8 in Stealth
    10 | D        | Reached XP level 2. HP: 15/15 MP: 3/3
    18 | D        | Noticed an oklob sapling
    20 | D        | Killed an oklob sapling
    21 | D        | Reached skill level 10 in Stealth
    21 | D        | Reached XP level 3. HP: 18/18 MP: 4/4
    22 | D        | Noticed a scorpion
    22 | D        | Found the amulet of invisibility {+Inv}
    24 | D        | Killed a scorpion
    25 | D        | Reached skill level 12 in Stealth
    25 | D        | Reached XP level 4. HP: 23/23 MP: 5/5
    46 | D        | Found an opulent altar of Gozag.
    46 | D        | Found a hazy altar of Hepliaklqana.
    46 | D        | Found a burning altar of Makhleb.
    46 | D        | Found a sparkling altar of Nemelex Xobeh.
    46 | D        | Found a snail-covered altar of Cheibriados.
    46 | D        | Found a sacrificial altar of Ru.
    46 | D        | Found a shimmering blue altar of Sif Muna.
    46 | D        | Found a shimmering altar of Xom.
    46 | D        | Found a basalt altar of Yredelemnul.
    47 | D        | Found a viscous altar of Jiyva.
    47 | D        | Found a bloodstained altar of Trog.
    47 | D        | Found an ornate altar of the Wu Jian Council.
    48 | D        | Found an iron altar of Okawaru.
    48 | D        | Found a shadowy altar of Dithmenos.
    48 | D        | Found a glowing silver altar of Zin.
    49 | D        | Found an ancient bone altar of Kikubaaqudgha.
    49 | D        | Found a hide-covered altar of Uskayaw.
    50 | D        | Found a stormy altar of Qazlal.
    50 | D        | Found a white marble altar of Elyvilon.
    50 | D        | Found a glowing golden altar of the Shining One.
    51 | D        | Became a worshipper of Gozag Ym Sagoz the Greedy
    52 | D        | Found a corrupted altar of Lugonu.
    52 | D        | Found a radiant altar of Vehumet.
    57 | D        | Reached skill level 13 in Stealth
    57 | D        | Reached XP level 5. HP: 28/28 MP: 3/6
   109 | D        | Reached skill level 14 in Stealth
   109 | D        | Reached skill level 1 in Evocations
   141 | D        | Reached skill level 5 in Dodging
   161 | D        | Reached skill level 15 in Stealth
   200 | D        | Reached XP level 6. HP: 33/33 MP: 7/7
   339 | D        | Found Faipt's Book Shop.
   339 | D        | Found Hena Cir's Assorted Antiques.
   345 | D        | Bought a scroll labelled XANAOT BOUL for 27 gold pieces
   345 | D        | Bought an emerald potion for 24 gold pieces
   345 | D        | Bought a scroll labelled SUMPUC CAOFEHU for 27 gold pieces
   345 | D        | Bought a lumpy orange potion for 24 gold pieces
   345 | D        | Bought an encrusted lead wand for 108 gold pieces
   449 | D        | Noticed a burning bush
   449 | D        | Noticed a wandering mushroom
   450 | D        | Noticed a wandering mushroom
   453 | D        | Killed a burning bush
   454 | D        | Reached skill level 17 in Stealth
   454 | D        | Killed a wandering mushroom
   455 | D        | Reached skill level 18 in Stealth
   455 | D        | Reached skill level 5 in Evocations
   455 | D        | Reached XP level 7. HP: 38/38 MP: 5/13
   455 | D        | Killed a wandering mushroom
   458 | D        | Reached skill level 19 in Stealth
   469 | D        | Found Himnuag's Distillery.
   469 | D        | Found Wuanio's Book Shoppe.
   472 | D        | Identified the +9 shortbow of Tortured Offence {freeze,
                  | *Slow rElec rCorr Str+3}
   476 | D        | Bought a potion of lignification for 42 gold pieces
   515 | D        | Bought a Young Poisoner's Handbook for 200 gold pieces
   517 | D        | Learned a level 1 spell: Sting
   520 | D        | Learned a level 2 spell: Poisonous Vapours
   648 | D        | Reached XP level 8. HP: 42/42 MP: 12/15
   654 | D        | Noticed a queen bee
   661 | D        | Killed a queen bee
   662 | D        | Reached skill level 5 in Fighting
   662 | D        | Reached skill level 5 in Short Blades
   662 | D        | Reached skill level 1 in Transmutations
   662 | D        | Reached skill level 1 in Air Magic
   662 | D        | Reached skill level 1 in Poison Magic
   666 | D        | Reached skill level 5 in Spellcasting
   730 | D        | Noticed an oklob plant
   733 | D        | Killed an oklob plant
   734 | D        | Reached skill level 5 in Throwing
   734 | D        | Reached skill level 20 in Stealth
   746 | D        | Noticed a burning bush
   749 | D        | Killed a burning bush
   750 | D        | Reached XP level 9. HP: 47/47 MP: 16/18
   781 | D        | Noticed a burning bush
   781 | D        | Noticed an oklob plant
   782 | D        | Noticed a wandering mushroom
   783 | D        | Killed a burning bush
   788 | D        | Killed an oklob plant
   789 | D        | Reached skill level 21 in Stealth
   792 | D        | Killed a wandering mushroom
   864 | D        | Noticed a spriggan druid
   866 | D        | Killed a spriggan druid
   867 | D        | Reached skill level 5 in Transmutations
   952 | D        | Noticed an oklob plant conjurer
   953 | D        | Killed an oklob plant conjurer
  1008 | D        | Noticed an oklob plant
  1008 | D        | Noticed an oklob plant summoner
  1009 | D        | Noticed an oklob plant shifter
  1013 | D        | Killed an oklob plant
  1014 | D        | Reached skill level 22 in Stealth
  1014 | D        | Reached XP level 10. HP: 53/53 MP: 18/21
  1015 | D        | Killed an oklob plant summoner
  1016 | D        | Reached skill level 10 in Evocations
  1018 | D        | Killed an oklob plant shifter
  1019 | D        | Reached skill level 10 in Dodging
  1104 | D        | Noticed a spriggan rider
  1105 | D        | Found Axuleidgh's Antique Armour Emporium.
  1275 | D        | Found Koxzulap's General Store.
  1290 | D        | Bought a glowing hat for 210 gold pieces
  1302 | D        | Bought a scroll of identify for 20 gold pieces
  1302 | D        | Bought a scroll of identify for 20 gold pieces
  1302 | D        | Bought a scroll of enchant weapon for 75 gold pieces
  1350 | D        | Noticed Agnes
  1352 | D        | Found Fimehofe's Weapon Emporium.
  1352 | D        | Noticed a spriggan berserker
  1354 | D        | Found Hakoo's Magic Scroll Shoppe.
  1356 | D        | Killed Agnes
  1357 | D        | Reached skill level 23 in Stealth
  1357 | D        | Reached skill level 1 in Shields
  1357 | D        | Reached skill level 5 in Poison Magic
  1373 | D        | HP: 1/55 [spriggan berserker (10)]
  1379 | D        | Slain by a spriggan berserker

Illustrated notes

Levels and vault maps discovered:
D:        dungeon_sprint_fedhas [sprint_temple]

Skill      XL: |  1  2  3  4  5  6  7  8  9 10 |
---------------+-------------------------------+-----
Dodging        | 2 3 4 5 6 7 8 9 10 | 10.7
Stealth        | 8 10 12 13 15 18 19 20 22 23 | 23.3
Fighting       | 2 3 4 5 6 7 |  7.0
Short Blades   | 3 4 5 6 |  6.2
Evocations     | 2 5 7 9 11 | 11.2
Throwing       | 3 4 5 |  5.8
Spellcasting   | 3 4 5 6 8 |  8.3
Transmutations | 3 5 7 |  7.2
Air Magic      | 2 3 4 |  4.9
Poison Magic   | 2 4 5 |  5.5
Shields        | 1 |  1.4

Action                   |  1- 3 |  4- 6 |  7- 9 | 10-12 || total
-------------------------+-------+-------+-------+-------++-------
Melee: Dagger            |     5 |     9 |    17 |     6 ||    37
Throw: Dart              |       |    11 |       |     6 ||    17
 Cast: Poisonous Vapours |       |       |       |    14 ||    14
       Sting             |       |       |       |     1 ||     1
 Abil: Evoke Invisibilit |       |     3 |     6 |     2 ||    11
  Use: Scroll            |       |       |     3 |     1 ||     4
       Potion            |       |       |       |     1 ||     1
 Stab: Sleeping          |     4 |     3 |    17 |     4 ||    28
       Invisible         |       |     1 |       |       ||     1
Armor: Robe              |       |       |       |     2 ||     2
Dodge: Dodged            |       |    12 |       |    11 ||    23
